 Dungeon Crawl Stone Soup version 0.26-a0-720-g2a1d101370 (webtiles) character file.

Game seed: 7400765744656296687

54 2tc the Stinger (level 3, -5/24 HPs)
             Began as a Demonspawn Venom Mage on Nov 3, 2020.
             Slain by an orc
             ... wielding a +0 falchion
              (8 damage)
             ... on level 2 of the Dungeon.
             The game lasted 00:07:34 (2857 turns).

2tc the Stinger (Demonspawn Venom Mage)             Turns: 2857, Time: 00:07:34

Health: -5/24      AC:  5    Str:  9    XL:     3   Next: 66%
Magic:  1/6        EV: 12    Int: 16    God:
Gold:   201        SH:  0    Dex: 13    Spells: 0/6 levels left

rFire    . . .     SeeInvis .   b - +0 dagger
rCold    . . .     Faith    .   (no shield)
rNeg     . . .     Spirit   .   a - +1 robe
rPois    .         Reflect  .   (no helmet)
rElec    .         Harm     .   (no cloak)
rCorr    .         Rampage  .   (no gloves)
MR       .....                  (no boots)
Stlth    ++........             (no amulet)
HPRegen  0.08/turn              (no ring)
MPRegen  0.10/turn              (no ring)

@: no status effects
A: yellow scales 1, demonic guardian 1
a: no special abilities


You were on level 2 of the Dungeon.
You visited 1 branch of the dungeon, and saw 3 of its levels.

You collected 201 gold pieces.

Inventory:

Hand Weapons
 b - a +0 dagger (weapon)
Armour
 a - a +1 robe (worn)
Jewellery
 g - an uncursed ring of fire {unknown}
Potions
 c - 2 potions of lignification {unknown}
 d - a potion of flight {unknown}
 e - a potion of cancellation {unknown}
 f - 4 potions of stabbing {unknown}


   Skills:
 - Level 1.7 Dodging
 - Level 1.7 Stealth
 - Level 2.0 Spellcasting
 - Level 0.8 Transmutations
 + Level 0.2 Air Magic
 * Level 4.6 Poison Magic


You couldn't memorise any spells.
You knew the following spells:

 Your Spells              Type           Power        Failure   Level
a - Sting                 Tmut/Pois      ##..         7%          1
b - Poisonous Vapours     Pois/Air       #.....       12%         2
c - Mephitic Cloud        Conj/Pois/Air  #.......     32%         3

Your spell library contained the following spells:

 Spells                   Type           Power        Failure   Level
 Ignite Poison            Fire/Tmut/Pois #.......     28%         3
 Olgreb's Toxic Radiance  Pois           ###.....     30%         4


Dungeon Overview and Level Annotations

Branches:
Dungeon (3/15)

Altars:
Gozag
Kikubaaqudgha
Makhleb
Qazlal
Yredelemnul


Innate Abilities, Weirdness & Mutations

You are partially covered in yellow scales. (AC +2)
A weak demonic guardian rushes to your aid.


Message History

You closely miss the orc. The orc hits you with a +0 falchion.
Casting: Sting (safe; 7% risk of failure)
Confirm with . or Enter, or press ? or * to list all spells.
Aiming: Sting (safe; 7% risk of failure)
Press: ? - help, Shift-Dir - straight line, f - orc
Aim: an orc, wielding a +0 falchion and wearing a +0 leather armour The sting misses the orc.
The orc barely misses you.
Casting: Sting (safe; 7% risk of failure)
Confirm with . or Enter, or press ? or * to list all spells.
Aiming: Poisonous Vapours (safe; 12% risk of failure)
Press: ? - help, Dir - move target cursor, f/p - orc
Aim: an orc, wielding a +0 falchion and wearing a +0 leather armour Poisonous vapours surround the orc!
The orc is poisoned.
The orc closely misses you.
You hit the orc but do no damage. The orc hits you with a +0 falchion.
* * * LOW HITPOINT WARNING * * *
You hit the orc but do no damage.
The orc is lightly wounded.
The orc hits you with a +0 falchion!
You die...

#### ...# ##.# ...#
.######
......############
...............o@#
.####.##.############
.# #.##.#..........#
.# #.##............#
.# #.##............#
.# #.##............#
.# #.##............#
.####.##.#.########.#
.#....##.#.########.#


You could see an orc (poisoned).

Vanquished Creatures
  3 worms
  A dart slug (D:2)
  A leopard gecko (D:1)
  A ball python (D:1)
  3 giant cockroaches
  9 goblins
  4 hobgoblins
  5 kobolds (D:1)
  5 bats (D:1)
  5 frilled lizards
  4 rats
41 creatures vanquished.

Notes
Turn   | Place    | Note
-------+----------+-------------------------------------------
     0 | D:1      | 2tc the Demonspawn Venom Mage began the quest for the Orb.
     0 | D:1      | Reached XP level 1. HP: 13/13 MP: 3/3
   439 | D:1      | Gained mutation: A weak demonic guardian rushes to your
                  | aid. [demonic ancestry]
   439 | D:1      | Reached XP level 2. HP: 19/19 MP: 3/5
   880 | D:1      | Reached skill level 4 in Poison Magic
   886 | D:1      | Learned a level 2 spell: Poisonous Vapours
  1261 | D:1      | Gained mutation: You are partially covered in yellow
                  | scales. (AC +2) [demonic ancestry]
  1261 | D:1      | Reached XP level 3. HP: 24/24 MP: 3/6
  1312 | D:1      | You fall into a shaft and drop 1 floor!
  1927 | D:2      | Found a burning altar of Makhleb.
  2035 | D:2      | Found a faded altar of an unknown god.
  2185 | D:2      | Found an ancient bone altar of Kikubaaqudgha.
  2293 | D:2      | Found a stormy altar of Qazlal.
  2298 | D:2      | Found an opulent altar of Gozag.
  2300 | D:2      | Found a basalt altar of Yredelemnul.
  2314 | D:2      | Learned a level 3 spell: Mephitic Cloud
  2857 | D:2      | Slain by an orc

Illustrated notes

Levels and vault maps discovered:
D:1:      saegor_arrival_simple_e, layout_basic
D:2:      layout_basic, lightli_temple_of_fire,
          chequers_temple_overflow_statue_of_worship, overflow_temple_1_default,
          chequers_ecumenical_altar_simple
D:3:      layout_basic, elyvilon_altar_1

Skill      XL: |  1  2 |
---------------+-------+-----
Poison Magic   | 4 |  4.6
Dodging        | |  1.7
Stealth        | |  1.7
Spellcasting   | |  2.0
Transmutations | |  0.8
Air Magic      | |  0.2

Action                   || total
-------------------------++-------
Melee: Dagger            ||   105
       Unarmed           ||     1
 Cast: Sting             ||    53
       Poisonous Vapours ||     1
  Use: Scroll            ||     2
 Stab: Sleeping          ||     4
Armor: Robe              ||    29
Dodge: Dodged            ||    59

Table legend: (Time is in decaauts)
 A = Elapsed time spent in this place.
 B = Non-inter-level travel time spent in this place.
 C = Inter-level travel time spent in this place.
 D = Time resting spent in this place.
 E = Time spent auto-exploring this place.
 F = Levels seen in this place.
 G = Mean time per level.
                   A        B        C        D        E       F      G
               +--------+--------+--------+--------+--------+-----+--------+
         Total |   2857 |   2776 |     81 |    622 |   1773 |   3 |  952.3 |
       Dungeon |   2857 |   2776 |     81 |    622 |   1773 |   3 |  952.3 |
               +--------+--------+--------+--------+--------+-----+--------+

Top non-repeatable levels by time:
     D:1: 1742 daAuts
     D:2: 1065 daAuts
     D:3: 49 daAuts
